 Dungeon Crawl Stone Soup version 0.27.1-33-g824d729ab1 (webtiles) character file.

Game seed: 15585501588365590274

91 jlumianski the Skirmisher (level 4, -2/29 HPs)
             Began as a Gargoyle Monk on Dec 17, 2021.
             Slain by a scorpion (4 damage)
             ... on level 5 of the Dungeon.
             The game lasted 00:10:35 (3973 turns).

jlumianski the Skirmisher (Gargoyle Monk)           Turns: 3973, Time: 00:10:36

Health: -2/29      AC:  7    Str: 14 (16) XL:     4   Next: 59%
Magic:  4/4        EV: 11    Int:  7 (10) God:
Gold:   124        SH:  3    Dex: 10 (12) Spells: 2/3 levels left

rFire    . . .     SeeInvis .   a - +0 hand axe
rCold    . . .     Faith    .   p - +0 buckler
rNeg     + . .     Spirit   .   c - +0 leather armour
rPois    ∞         Reflect  .   (no helmet)
rElec    +         Harm     .   (no cloak)
rCorr    .         Rampage  .   v - +0 pair of gloves
Will     .....                  (no boots)
Stlth    ++........             (no amulet)
HPRegen  0.09/turn              (no ring)
MPRegen  0.09/turn              (no ring)

@: no status effects
A: sickness immunity, AC +3, negative energy resistance 1, electricity
resistance, torment resistance 1, petrification resistance
a: no special abilities


You were on level 5 of the Dungeon.
You visited 1 branch of the dungeon, and saw 5 of its levels.

You collected 124 gold pieces.

Inventory:

Hand Weapons
 a - a +0 hand axe (weapon)
 r - a +2 dagger of holy wrath
Missiles
 d - 85 stones (quivered)
 i - 2 curare-tipped darts
 q - 7 boomerangs
 t - 13 bolts
Armour
 b - a +0 robe
 c - a +0 leather armour (worn)
 p - a +0 buckler (worn)
 v - a +0 pair of gloves (worn)
Wands
 g - a wand of paralysis (1)
Scrolls
 f - 2 scrolls of noise
 j - 2 scrolls of identify {unknown}
 k - 2 scrolls of teleportation {unknown}
 l - a scroll of amnesia {unknown}
 n - a scroll of brand weapon {unknown}
 s - a scroll of summoning {unknown}
 u - a scroll of magic mapping {unknown}
Potions
 e - a potion of might {unknown}
 h - a potion of degeneration
 m - a potion of magic {unknown}
 o - a potion of resistance {unknown}


   Skills:
 + Level 3.9 Fighting
 + Level 3.4 Axes
 + Level 1.3 Armour
 + Level 2.9 Dodging
 + Level 2.4 Stealth
 * Level 0.8 Fire Magic


You had 2 spell levels left.
You knew the following spells:

 Your Spells              Type           Power      Damage    Failure   Level
a - Foxfire               Conj/Fire      0%         2x1d4     63%         1

Your spell library contained the following spells:

 Spells                   Type           Power      Damage    Failure   Level
 Conjure Flame            Conj/Fire      0%         6-21      94%         3
 Inner Flame              Hex/Fire       0%         N/A       94%         3


Dungeon Overview and Level Annotations

Branches:
Dungeon (6/15)
 Temple: D:4-7

Altars:

Shops:
D:2 (


Innate Abilities, Weirdness & Mutations

You are immune to sickness and miasma.
Your stone body is resilient. (AC +3)
You are immune to poison.
You resist negative energy. (rN+)
You are resistant to electric shocks. (rElec)
You are resistant to unholy torment.
You are immune to petrification.


Message History

The scorpion resists with some effort.
You block the scorpion's attack.
Aiming: Paralyse
Press: ? - help, Shift-Dir - straight line, f/p - scorpion
Aim: a scorpion (chance to affect: 46%)
The scorpion suddenly stops moving!
Found a short sword.
You see here a +0 short sword.
It was a potion of degeneration.
There was something very wrong with that liquid.
You feel weakened.
You feel dopey.
You feel clumsy.
You open the door.
There is an open door here.
Okay, then.
Unknown command.
You close the door.
You open the door.
You close the door.
As you open the door, it creaks loudly!
There is an open door here.
A black bear comes into view.
There is an open door here.
You close the door.
You open the door.
There is an open door here.
Found a scroll labelled UCUROU LIOC.
The scorpion completely misses you.
You hit the scorpion but do no damage. The scorpion barely misses you.
You hit the scorpion but do no damage. The scorpion barely misses you.
You completely miss the scorpion.
The scorpion stings you but does no damage.
The scorpion closely misses you.
You hit the scorpion but do no damage. The scorpion stings you!
* * * LOW HITPOINT WARNING * * *
You hit the scorpion.
The scorpion is lightly wounded.
You block the scorpion's attack. The scorpion stings you.
* * * LOW HITPOINT WARNING * * *
You hit the scorpion but do no damage.
The scorpion is lightly wounded.
The scorpion stings you.
You die...

##. ..# #.. ..# #..
... .##.. ..
#..#.###.# .#####
....#..# .....#
######....#
#.##.####...####@.#
#.##....+...'...#s##.
.$#
#....####...###.#.##.
... #....+
+...+.#.#.##. #.#
#....# #...#.#.#?##.
#.# #....#
#####.#.#.##.##.#
###### #.#.#.##..#.#
#.#.#.#.....#
#.#...#+#...#


You could see a scorpion.

Vanquished Creatures
  A gnoll (D:1)
  An adder (D:2)
  A worm (D:2)
  2 dart slugs
  6 ball pythons
  7 bats
  10 endoplasms
  3 goblins
  7 hobgoblins
  2 jackals (D:1)
  5 quokkas
  2 frilled lizards
  7 kobolds
  6 rats
60 creatures vanquished.

Vanquished Creatures (others)
  4 plants (D:3)
  8 withered plants (D:2)
12 creatures vanquished.

Grand Total: 72 creatures vanquished

Notes
Turn   | Place    | Note
-------+----------+-------------------------------------------
     0 | D:1      | jlumianski the Gargoyle Monk began the quest for the Orb.
     0 | D:1      | Reached XP level 1. HP: 14/14 MP: 1/1
    42 | D:1      | Reached XP level 2. HP: 5/19 MP: 2/2
   913 | D:2      | Reached XP level 3. HP: 24/24 MP: 3/3
  2015 | D:2      | Found a faded altar of an unknown god.
  2090 | D:2      | Learned a level 1 spell: Foxfire
  2127 | D:2      | Reached skill level 1 in Armour
  2127 | D:2      | Reached XP level 4. HP: 16/29 MP: 4/4
  2745 | D:2      | Found Xuxtimoh's Antique Weapon Shoppe.
  3861 | D:3      | You fall into a shaft and drop 2 floors!
  3861 | D:5      | Entered Level 5 of the Dungeon
  3869 | D:5      | Noticed a scorpion
  3877 | D:6      | Noticed a scorpion
  3945 | D:5      | Noticed a black bear
  3973 | D:5      | Slain by a scorpion

Illustrated notes

Levels and vault maps discovered:
D:1:      mrwooster_arrival_arrow, layout_basic, minmay_misc_feat_encased,
          minmay_tromino_v4_b
D:2:      layout_basic, ebering_ecumenical_altar_petrified, serial_shops, shop,
          st_stairs_10
D:3:      cheibrodos_old_hovel, layout_basic, lemuel_round_altar,
          kennysheep_generic_room_15, uniq_natasha, uniq_terence,
          uniq_crazy_yiuf_cottage
D:5:      layout_basic, minmay_temple_entry_wispy, kennysheep_generic_room_10
D:6:      layout_rooms, chequers_arboretum

Skill      XL: |  1  2  3 |
---------------+----------+-----
Axes           | 3 |  3.4
Armour         | 1 |  1.3
Fighting       | |  3.9
Dodging        | |  2.9
Stealth        | |  2.4
Fire Magic     | |  0.8

Action                   |  1- 3 |  4- 6 || total
-------------------------+-------+-------++-------
Melee: Hand axe          |   130 |   117 ||   247
Evoke: Wand              |       |     2 ||     2
  Use: Scroll            |     1 |       ||     1
       Potion            |       |     1 ||     1
 Stab: Sleeping          |     1 |     3 ||     4
Armor: Leather armour    |    55 |    74 ||   129
Dodge: Dodged            |    96 |   104 ||   200
Block: Buckler           |       |     8 ||     8
